 Dungeon Crawl Stone Soup version 0.31.0-9-g3a7656b989 (webtiles) character file.

Game seed: 6944532453074706129

28 qw the Shooter (level 2, 0/16 HPs)
             Began as a Deep Elf Hunter on Feb 2, 2024.
             Slain by an adder (1 damage)
             ... on level 1 of the Dungeon.
             The game lasted 00:00:01 (401 turns).

qw the Shooter (Deep Elf Hunter)                     Turns: 401, Time: 00:00:02

Health: 0/16       AC:  6    Str:  8    XL:     2   Next: 96%
Magic:  4/4        EV: 10    Int: 13    God:
Gold:   22         SH:  0    Dex: 18    Spells: 1/1 levels left

rFire   . . .        a - +0 shortbow
rCold   . . .        (shield currently unavailable)
rNeg    . . .        h - +0 ring mail
rPois   .            (no helmet)
rElec   .            g - +0 cloak
rCorr   .            (no gloves)
SInv    .            (no boots)
Will    .....        (no amulet)
Stlth   +            (no ring)
HPRegen 0.22/turn    (no ring)
MPRegen 0.09/turn

%: no passive effects
@: no status effects
A: no striking features
a: no special abilities


You were on level 1 of the Dungeon.
You visited 1 branch of the dungeon, and saw 2 of its levels.

You collected 22 gold pieces.


   Skills:
 - Level 1.5 Fighting
 + Level 6.6 Ranged Weapons
 - Level 2.4 Dodging
 - Level 1.2 Stealth


You had one spell level left.
You didn't know any spells.
Your spell library was empty.

Inventory:

Hand Weapons
 a - a +0 shortbow (weapon)
Armour
 g - a +0 cloak (worn)
 h - a +0 ring mail (worn)
Potions
 f - a potion of curing {unknown}

Dungeon Overview and Level Annotations

Branches:
Dungeon (2/15)

Altars:


Message History

There is a stone staircase leading down here.
You climb downwards.
The adder hisses angrily.
Found a stone staircase leading down.
There is a stone staircase leading up here.
There are monsters nearby!
Waypoint 1 assigned to D:2.
You shoot an arrow. The arrow hits the adder.
The adder is lightly wounded.
The bat hits you but does no damage.
You shoot an arrow. The arrow closely misses the bat.
The bat hits you but does no damage.
The dart slug briefly extends its eye-stalks.
The adder bites you.
394 ||| STAIRDANCE The bat completely misses you.
The bat hits you but does no damage. The adder bites you but does no damage.
The bat hits you but does no damage.
You climb upwards.
There is a stone staircase leading down here.
You shoot an arrow. The arrow closely misses the adder.
The bat hits you but does no damage. The adder bites you.
You are poisoned.
The adder poisons you! The adder bites you but does no damage.
You shoot an arrow. The arrow hits the adder.
The adder is severely wounded.
You feel sick. The bat hits you. The adder bites you.
The bat hits you but does no damage.
You shoot an arrow. The arrow misses the adder.
You feel sick. The bat hits you. The adder closely misses you.
The adder bites you.
You shoot an arrow. The arrow completely misses the adder.
You feel sick. The bat closely misses you.
The adder bites you but does no damage.
You shoot an arrow. The arrow closely misses the adder.
You feel sick. The bat misses you. The adder bites you but does no damage.
The adder misses you.
You shoot an arrow. The arrow closely misses the adder.
You feel sick.
You are no longer poisoned.
The bat hits you but does no damage. The adder bites you.
You die...

########. ########........
##....##..######)
###.....##.###....)
###.......#......##..
##...................#
#..¤¤¤¤¤...#...~~~~..#
#.~¤¤¤¤¤......~~~~~~.# ########
#.~¤S@¤~......~~~~~~.#
.......#####.¤~¤~b~......~~~~~~.#
..............~¤~~..####..~~~~...
.......#####..¤¤...## ##........
.......# #........# #...#...#
.......####........## ##......##
.......##....^...%..####...#####
.......##.........%......%.#
............#........#...#.######


You could see an adder and a bat.

Vanquished Creatures
  3 bats (D:1)
  4 endoplasms (D:1)
  A giant cockroach (D:1)
  A goblin (D:1)
  4 hobgoblins (D:1)
  3 jackals (D:1)
  A quokka (D:1)
  3 ball pythons (D:1)
  A frilled lizard (D:1)
  2 kobolds (D:1)
  A rat (D:1)
24 creatures vanquished.

Notes
Turn   | Place    | Note
-------+----------+-------------------------------------------
     0 | D:1      | qw the Deep Elf Hunter began the quest for the Orb.
     0 | D:1      | Reached XP level 1. HP: 12/12 MP: 3/3
     0 | D:1      | 0 ||| qw: Version: 0.3-a-155-g5e7d8dd
     0 | D:1      | 0 ||| qw: Game counter: 1557
     0 | D:1      | 0 ||| qw: Melee chars always use a shield: true
     0 | D:1      | 0 ||| qw: God list: Okawaru
     0 | D:1      | 0 ||| qw: Allow faded altars: false
     0 | D:1      | 0 ||| qw: Do Orc after clearing Dungeon:15 true
     0 | D:1      | 0 ||| qw: Do second Lair branch before Depths: true
     0 | D:1      | 0 ||| qw: Lair rune preference: random
     0 | D:1      | 0 ||| qw: Goals: Normal
     0 | D:1      | 0 ||| PLANNING D:1-11
    34 | D:1      | Reached skill level 6 in Ranged Weapons
    34 | D:1      | Reached XP level 2. HP: 16/16 MP: 4/4
   345 | D:1      | 345 ||| UPGRADING to +0 cloak.
   350 | D:1      | 350 ||| UPGRADING to +0 ring mail.
   360 | D:1      | 360 ||| DROPPING +0 leather armour.
   361 | D:1      | 361 ||| READING scroll labelled FELUZI CULIQA.
   362 | D:1      | 362 ||| READING scroll labelled UTEJOSUIST.
   363 | D:1      | 363 ||| DROPPING scroll of butterflies.
   394 | D:2      | 394 ||| STAIRDANCE
   398 | D:1      | HP: 4/16 [adder (2)]
   400 | D:1      | HP: 1/16 [poisoned by an adder]
   401 | D:1      | Slain by an adder

Levels and vault maps discovered:
D:1:      dpeg_arrival_pits, layout_rooms
D:2:      layout_rooms

Skill      XL: |  1 |
---------------+----+-----
Ranged Weapons | 6 |  6.6
Fighting       | |  1.5
Dodging        | |  2.4
Stealth        | |  1.2

Action                     || total
---------------------------++-------
   Fire: Shortbow          ||    69
    Use: Scroll            ||     2
 Armour: Leather armour    ||     9
         Ring mail         ||    18
  Dodge: Dodged            ||    26

Table legend:
 A = Non-vault XP
 B = Vault XP
 C = Vault XP percentage of total XP
 D = Non-vault monster count
 E = Vault monster count
 F = Vault count percentage of total count
                 A         B        C        D         E       F
            +---------+---------+-------+---------+---------+-------
      Total |      40 |       0 |   0.0 |      24 |       0 |   0.0
            +---------+---------+-------+---------+---------+-------
        D:1 |      40 |       0 |   0.0 |      24 |       0 |   0.0
            +---------+---------+-------+---------+---------+-------
